 Dungeon Crawl Stone Soup version 0.31-a0-960-g0fca184906 (webtiles) character file.

Game seed: 18064886702237797399

6393 gruber the Grappler (level 10, -12/88 HPs)
             Began as a Ghoul Monk on Oct 22, 2023.
             Was an Elder of Makhleb.
             Mangled by a red ugly thing (20 damage)
             ... on level 11 of the Dungeon.
             The game lasted 00:12:43 (7967 turns).

gruber the Grappler (Ghoul Monk)                    Turns: 7967, Time: 00:12:44

Health: -12/88     AC: 14    Str: 20    XL:     10   Next: 97%
Magic:  14/14      EV: 13    Int: 11    God:    Makhleb [****..]
Gold:   666        SH:  0    Dex: 11    Spells: 9/9 levels left

rFire   . .          .
                       - Unarmed
rCold   + + .        c - orb {light}
rNeg    + + +        E - +2 ring mail {rC+}
rPois   ∞            u - +0 helmet
rElec   .            x - +1 cloak
rCorr   .            H - +0 pair of gloves
SInv    .            j - +0 pair of boots
Will    +....        (no amulet) Stlth
                     p - ring of willpower
HPRegen 0.00/turn    G - ring "Hoemp" {Int+6 Slay+6}
MPRegen 0.14/turn

%: no passive effects
@: inhibited regen, hasted, glowing, very quick
A: claws 1, cold resistance 1, negative energy resistance 3, inhibited
regeneration, torment resistance 2, devour on kill
a: Renounce Religion, Minor Destruction, Lesser Servant of Makhleb, Major
Destruction


You were on level 11 of the Dungeon.
You worshipped Makhleb.
Makhleb was greatly pleased with you.
You visited 1 branch of the dungeon, and saw 11 of its levels.

You collected 694 gold pieces.
You spent 28 gold pieces at shops.

Inventory:

Missiles
 a - 35 poisoned darts
 v - a throwing net
Armour
 c - an orb of light (worn)
 j - a +0 pair of boots (worn)
 u - a +0 helmet (worn)
 x - a +1 cloak (worn)
 E - a +2 ring mail of cold resistance (worn)
 H - a +0 pair of gloves (worn)
Jewellery
 p - a ring of willpower (left hand)
 G - the ring "Hoemp" (right hand) {Int+6 Slay+6}
   (You found it on level 6 of the Dungeon)

   [ring of intelligence]

   Int+6:     It affects your intelligence (+6).
   Slay+6:    It affects your accuracy & damage with ranged weapons and melee
   (+6).
Wands
 y - a wand of paralysis (6)
 A - a wand of roots (8)
 C - a wand of digging (14)
 I - a wand of polymorph (4)
Scrolls
 f - 2 scrolls of amnesia {unknown}
 g - 3 scrolls of blinking {unknown}
 h - 3 scrolls of revelation {unknown}
 i - a scroll of noise {unknown}
 k - 3 scrolls of fear {unknown}
 n - 3 scrolls of fog {unknown}
 o - 4 scrolls of immolation {unknown}
 r - 2 scrolls of vulnerability {unknown}
 s - a scroll of torment
 t - 5 scrolls of teleportation {unknown}
 z - a scroll of enchant weapon {unknown}
 F - 4 scrolls of butterflies {unknown}
Potions
 b - 2 potions of ambrosia
 e - 4 potions of brilliance
 l - 2 potions of cancellation
 m - 7 potions of curing
 q - 3 potions of haste
 w - 2 potions of mutation
 B - 2 potions of attraction
 D - a potion of enlightenment
 J - 2 potions of invisibility {unknown}


   Skills:
 - Level 8.1 Fighting
 - Level 7.0 Armour
 - Level 7.0 Dodging
 * Level 9.7 Unarmed Combat
 - Level 7.0 Invocations


You had 9 spell levels left.
You didn't know any spells.
Your spell library contained the following spells:

 Spells                   Type           Power      Damage    Failure   Level
 Apportation              Tloc           0%         N/A       50%         1
 Foxfire                  Conj/Fire      0%         2x1d4     50%         1
 Magic Dart               Conj           0%         1d3       50%         1
 Necrotise                Necr           0%         1d4       50%         1
 Shock                    Conj/Air       0%         1d3       50%         1
 Slow                     Hex            0%         N/A       50%         1
 Summon Small Mammal      Summ           0%         N/A       50%         1
 Cigotuvi's Dreadful Rot  Necr/Pois/Air  0%         N/A       63%         2
 Searing Ray              Conj           0%         2d4       63%         2
 Call Canine Familiar     Summ           0%         N/A       86%         3
 Confusing Touch          Hex            0%         N/A       86%         3
 Ignite Poison            Fire/Tmut/Pois 0%         N/A       86%         3
 Mephitic Cloud           Conj/Pois/Air  0%         N/A       86%         3
 Sigil of Binding         Hex            0%         N/A       86%         3
 Swiftness                Air            0%         N/A       86%         3
 Vampiric Draining        Necr           0%         2d6       86%         3
 Airstrike                Air            0%         2d(0-16)  99%         4
 Brom's Barrelling Bould  Conj/Erth      0%         2d3       99%         4
 Dimensional Bullseye     Hex/Tloc       0%         N/A       99%         4
 Fulminant Prism          Conj/Hex       0%         3d5       99%         4
 Leda's Liquefaction      Hex/Erth       0%         N/A       99%         4
 Summon Lightning Spire   Summ/Air       0%         N/A       99%         4
 Fireball                 Conj/Fire      0%         3d3       100%        5
 Freezing Cloud           Conj/Ice/Air   0%         6-21      100%        5
 Iskenderun's Battlesphe  Conj           0%         2d6       100%        5
 Conjure Ball Lightning   Conj/Air       0%         3x3d6     100%        6
 Orb of Destruction       Conj           0%         9d5       100%        7


Dungeon Overview and Level Annotations

Branches:
Dungeon (11/15)            Temple (0/1) D:7            Lair (0/5) D:9
    Orc: D:9-12

Altars:
Dithmenos
Makhleb
Sif Muna
Uskayaw
Yredelemnul

Shops:
D:1 =   D:4 ?


Innate Abilities, Weirdness & Mutations

You are immune to poison.
You have sharp fingernails.
Your flesh is cold resistant. (rC+)
You are immune to negative energy. (rN+++)
You do not regenerate when monsters are visible.
You are immune to unholy pain and torment.
You thrive by killing the living.


Message History

Roots grab the boulder beetle.
Roots grab the red ugly thing.
The grasping roots constrict the red ugly thing.
The grasping roots constrict the boulder beetle.
You hear an angry buzzing noise.
The boulder beetle bites you but does no damage.
Unknown command.
Unknown command.
Unknown command.
Unknown command.
You hit the boulder beetle.
The boulder beetle is severely wounded.
The grasping roots constrict the red ugly thing.
The grasping roots constrict the boulder beetle, but do no damage.
The roots release their grip on the red ugly thing.
The roots release their grip on the boulder beetle.
The boulder beetle completely misses you.
Unknown command.
You hit the boulder beetle but do no damage.
The boulder beetle is severely wounded.
The boulder beetle bites you.
* * * LOW HITPOINT WARNING * * *
You hit the boulder beetle but do no damage.
The boulder beetle is severely wounded.
The boulder beetle bites you!
* * * LOW HITPOINT WARNING * * *
You hit the boulder beetle.
The boulder beetle is severely wounded.
You hit the boulder beetle.
The boulder beetle is severely wounded.
The boulder beetle leaps!
The red ugly thing completely misses you.
You hit the red ugly thing.
The red ugly thing is lightly wounded.
You hit the red ugly thing.
The red ugly thing is moderately wounded.
The red ugly thing closely misses you.
You feel yourself speed up. The red ugly thing tentacle-slaps you!
* * * LOW HITPOINT WARNING * * *
You are engulfed in flames!!
You die...

##########
.......<.#
.#######.# #@# #.
#u# #. #y#
#.###y# ..##.# #
#.##B#
#..####.##T#
#....y.y°..#
####.###..°######


You could see a boulder beetle, a red ugly thing, a troll and 2 vampire
mosquitoes.

Vanquished Creatures
  Joseph (D:7)
  A gargoyle (D:10)
  2 kobold demonologists (D:9)
  A troll (D:10)
  A hornet (D:9)
  Sigmund (D:4)
  4 yaks (D:10)
  A steam dragon (D:7)
  Menkaure (D:4)
  2 water moccasins
  An orc warrior (D:8)
  A black bear (D:4)
  4 ice beasts
  2 sky beasts (D:7)
  4 ogres
  2 centaurs
  2 phantoms
  5 kobold brigands
  A bullfrog (D:8)
  2 gnoll sergeants (D:9)
  4 scorpions
  5 wights (D:10)
  5 killer bees (D:9)
  3 howler monkeys
  5 orc priests
  4 hounds
  A jelly (D:7)
  2 sleepcaps
  3 iguanas
  10 orc wizards
  Robin (D:3)
  11 gnolls
  5 adders
  2 white imps
  4 ufetubi
  3 dart slugs (D:3)
  21 orcs
  10 endoplasms
  A giant cockroach (D:3)
  14 goblins
  5 hobgoblins
  24 kobolds
  9 quokkas
  6 ball pythons
  7 bats
  2 frilled lizards
  6 rats
212 creatures vanquished.

Notes
Turn   | Place    | Note
-------+----------+-------------------------------------------
     0 | D:1      | gruber the Ghoul Monk began the quest for the Orb.
     0 | D:1      | Reached XP level 1. HP: 19/19 MP: 0/0
    72 | D:1      | Reached XP level 2. HP: 22/26 MP: 1/1
   116 | D:1      | Reached skill level 4 in Unarmed Combat
   247 | D:1      | Found Pothreihou's Jewellery Boutique.
   373 | D:1      | Reached XP level 3. HP: 31/31 MP: 2/2
  1490 | D:3      | Reached skill level 5 in Unarmed Combat
  1490 | D:3      | Reached XP level 4. HP: 10/38 MP: 3/3
  1718 | D:3      | Found a faded altar of an unknown god.
  1960 | D:3      | Noticed Robin
  2006 | D:3      | Killed Robin
  2007 | D:3      | Reached skill level 6 in Unarmed Combat
  2007 | D:3      | Reached XP level 5. HP: 11/45 MP: 4/4
  2385 | D:4      | Found a burning altar of Makhleb.
  2400 | D:4      | Reached skill level 7 in Unarmed Combat
  2402 | D:4      | Reached XP level 6. HP: 51/51 MP: 5/5
  2420 | D:4      | Became a worshipper of Makhleb the Destroyer
  2420 | D:4      | Reached * piety under Makhleb
  2420 | D:4      | Reached ** piety under Makhleb
  2522 | D:4      | Noticed Sigmund
  2546 | D:4      | Killed Sigmund
  2547 | D:4      | Reached skill level 8 in Unarmed Combat
  2547 | D:4      | Reached XP level 7. HP: 35/57 MP: 6/6
  2644 | D:4      | Noticed Menkaure
  2649 | D:4      | Killed Menkaure
  2650 | D:4      | Reached skill level 9 in Unarmed Combat
  2792 | D:4      | Found Tano's Magic Scroll Emporium.
  2797 | D:4      | Bought a scroll of identify for 28 gold pieces
  2894 | D:4      | Found a shimmering blue altar of Sif Muna.
  3024 | D:4      | Reached skill level 5 in Fighting
  3125 | D:5      | Entered Level 5 of the Dungeon
  3176 | D:5      | Reached XP level 8. HP: 69/69 MP: 7/7
  3204 | D:5      | Found the +7 staff of the Meek {protect, meekguard}
  4207 | D:6      | Reached XP level 9. HP: 81/81 MP: 8/8
  4276 | D:6      | Identified the ring "Hoemp" {Int+6 Slay+6}
  4555 | D:6      | Reached skill level 5 in Dodging
  4709 | D:7      | Found a staircase to the Ecumenical Temple.
  4781 | D:7      | Noticed Joseph
  4792 | D:7      | Killed Joseph
  4901 | D:7      | Reached skill level 1 in Armour
  5006 | D:7      | Reached *** piety under Makhleb
  5239 | D:7      | Reached skill level 5 in Armour
  5970 | D:8      | Reached XP level 10. HP: 84/88 MP: 9/9
  6054 | D:8      | Found a shadowy altar of Dithmenos.
  6166 | D:9      | Identified the "Beikiu"
  6184 | D:9      | Found a staircase to the Lair.
  6337 | D:9      | Found a hide-covered altar of Uskayaw.
  6550 | D:9      | Found a basalt altar of Yredelemnul.
  6703 | D:9      | Reached **** piety under Makhleb
  6721 | D:9      | Noticed a kobold demonologist
  6749 | D:9      | Killed a kobold demonologist
  6755 | D:9      | Noticed a kobold demonologist
  6762 | D:9      | Killed a kobold demonologist
  6972 | D:10     | Entered Level 10 of the Dungeon
  7239 | D:10     | Reached skill level 5 in Invocations
  7679 | D:10     | Noticed a gargoyle
  7688 | D:10     | Killed a gargoyle
  7930 | D:11     | Noticed a red ugly thing
  7930 | D:11     | Noticed a boulder beetle
  7967 | D:11     | Mangled by a red ugly thing

Illustrated notes

Levels and vault maps discovered:
D:1:      psy_arrival_basics, layout_basic, serial_shops, nicolae_shop_crystal,
          minmay_tromino_i4
D:2:      layout_loops_ring, due_unseen_surprise
D:3:      layout_basic, basic_ecumenical_altar, uniq_robin
D:4:      layout_loops_ring, tso_oasis_becter, lemuel_doored_altar,
          mainiacjoe_overflow_alcove_1, serial_shops, kennysheep_little_box,
          minivault_19, uniq_menkaure, uniq_sigmund
D:5:      layout_loops_cross, grunt_ministairs_4, hangedman_glass_teeth
D:6:      layout_basic
D:7:      layout_basic, temple_fountains, minmay_misc_feat_diagonals,
          chequers_serial_rivers_micro_e, kennysheep_generic_room_5, uniq_joseph
D:8:      layout_basic, nicolae_overflow_hidden_temple, marbit_many_paths,
          interstate_on_off
D:9:      layout_gridville, lemuel_tele_altar,
          nicolae_uskayaw_murder_on_the_dancefloor, lair_entry_dummy,
          kennysheep_potato
D:10:     layout_irregular_city
D:11:     layout_loops_ring

Skill      XL: |  1  2  3  4  5  6  7  8  9 10 |
---------------+-------------------------------+-----
Unarmed Combat | 4 5 6 7 8 9 |  9.7
Fighting       | 5 8 |  8.1
Dodging        | 4 6 7 |  7.0
Armour         | 6 7 |  7.0
Invocations    | 7 |  7.0

Action                     |  1- 3 |  4- 6 |  7- 9 | 10-12 || total
---------------------------+-------+-------+-------+-------++-------
  Melee: Unarmed           |    76 |    81 |   230 |   205 ||   592
  Throw: Throwing net      |       |     1 |       |       ||     1
  Evoke: Wand              |       |       |       |     1 ||     1
    Use: Scroll            |       |       |    11 |       ||    11
         Potion            |       |       |       |     2 ||     2
 Armour: Robe              |    26 |    45 |    75 |       ||   146
         Ring mail         |       |       |    31 |   149 ||   180
  Dodge: Dodged            |    69 |    41 |   108 |   110 ||   328

Table legend: (Time is in decaauts)
 A = Elapsed time spent in this place.
 B = Non-inter-level travel time spent in this place.
 C = Inter-level travel time spent in this place.
 D = Time resting spent in this place.
 E = Time spent auto-exploring this place.
 F = Levels seen in this place.
 G = Mean time per level.
                   A        B        C        D        E       F      G
               +--------+--------+--------+--------+--------+-----+--------+
         Total |   7873 |   7571 |    302 |     30 |   6284 |  11 |  715.7 |
       Dungeon |   7873 |   7571 |    302 |     30 |   6284 |  11 |  715.7 |
               +--------+--------+--------+--------+--------+-----+--------+

Top non-repeatable levels by time:
    D:10: 942 daAuts
     D:4: 906 daAuts
     D:5: 846 daAuts
     D:7: 835 daAuts
     D:2: 812 daAuts
     D:9: 791 daAuts
     D:3: 733 daAuts
     D:6: 669 daAuts
     D:8: 652 daAuts
     D:1: 649 daAuts
    D:11: 33 daAuts
